AoeStats
← SeemsFishy

Arena

508506610Analyzed
4v4 RM · 10d ago on Sep 22, 2026· 48m 59s· 8 players
Game mode
Random Map
Map size
Large (8 player)
Population
200
Speed
Normal
Resources
Standard
Victory
Conquest
Starting age
Dark Age
Ending age
Imperial Age
RankedLock teamsTeams togetherTeam positionsShared explorationLock speedFull tech treeHidden civsTurbo modeCheats
Victory
Defeat
🇶🇦 Saxons · Qatar
1473
+14
🇦🇷 Khmer · Argentina
1410
+17
🇨🇭 Khmer · Switzerland
1409
+17
🇬🇧 Vikings · United Kingdom
1392
+17
🇺🇸 Khmer · United States
1567
-22
🇻🇳 Vietnamese · Vietnam
1502
-19
🇦🇷 Varangians · Argentina
1425
-16
🇻🇳 Italians · Vietnam
1194
-8
F1NBLOO
11:10 Feudal Age
12:25 Double-Bit Axe
14:47 Castle Age
12:34 Horse Collar
16:02 Bow Saw
15:56 Heavy Plow
19:47 Gold Mining
21:48 Wheelbarrow
22:03 Gold Shaft Mining
23:05 Stone Mining
24:05 Hand Cart
24:03 Loom
27:10 Imperial Age
26:07 Forging
26:02 Scale Barding Armor
26:28 Bloodlines
26:19 Husbandry
27:45 Iron Casting
28:21 Chain Barding Armor
28:20 Elite Battle Elephant
30:59 Blast Furnace
31:10 Tusk Swords
32:18 Conscription
34:34 Ballistics
34:01 Light Cavalry
35:03 Capped Ram
37:17 Hussar
45:22 Siege Ram
47:31 Siege Engineers
48:50 Crop Rotation
SeemsFishy
10:33 Feudal Age
11:07 Horse Collar
11:16 Double-Bit Axe
12:53 Gold Mining
17:37 Castle Age
15:42 Man-at-Arms
16:26 Scale Mail Armor
17:21 Forging
18:06 Long Swordsman
19:12 Bow Saw
20:50 Chain Mail Armor
21:57 Heavy Plow
30:01 Imperial Age
27:16 Loom
27:29 Pikeman
28:11 Squires
28:49 Fortified Wall
29:19 Masonry
28:51 Treadmill Crane
29:11 Crossbowman
29:43 Fletching
30:31 Bodkin Arrow
30:36 Padded Archer Armor
31:50 Gold Shaft Mining
31:49 Bracer
31:54 Arbalester
34:09 Ballistics
34:22 Architecture
34:41 Bogsveigar
36:19 Chemistry
36:46 Leather Archer Armor
36:01 Elite Skirmisher
39:09 Ring Archer Armor
38:42 Town Watch
39:34 Conscription
41:00 Hoardings
40:58 Chieftains
44:05 Plate Mail Armor
44:10 Iron Casting
43:55 Elite Berserk
47:38 Blast Furnace
49:02 Stone Mining
JanChess
11:09 Feudal Age
14:53 Castle Age
12:48 Horse Collar
12:58 Double-Bit Axe
12:55 Horse Collar
13:56 Gold Mining
15:47 Wheelbarrow
15:48 Bow Saw
16:33 Heavy Plow
19:16 Stone Mining
22:31 Hand Cart
22:05 Town Watch
24:40 Gold Shaft Mining
24:09 Loom
28:53 Imperial Age
27:04 Fletching
27:37 Ballistics
27:15 Murder Holes
28:12 Sanctity
28:51 Sanctity
29:00 Fortified Wall
28:30 Treadmill Crane
29:12 Bodkin Arrow
28:40 Crossbowman
29:31 Padded Archer Armor
29:47 Forging
30:06 Conscription
31:04 Chemistry
30:11 Bracer
30:45 Block Printing
30:57 Padded Archer Armor
31:31 Illumination
31:28 Redemption
31:33 Thumb Ring
31:58 Arbalester
37:57 Elite Skirmisher
39:06 Leather Archer Armor
40:44 Ring Archer Armor
41:49 Hoardings
45:42 Guard Tower
45:38 Arrowslits
47:25 Keep
Tonguera
12:14 Feudal Age
14:56 Castle Age
12:55 Double-Bit Axe
12:53 Horse Collar
15:58 Bow Saw
15:49 Heavy Plow
22:07 Wheelbarrow
23:07 Gold Mining
23:11 Loom
24:56 Stone Mining
25:44 Gold Shaft Mining
25:18 Scale Barding Armor
25:23 Forging
28:41 Imperial Age
26:47 Chain Barding Armor
26:18 Town Watch
27:55 Iron Casting
27:56 Bloodlines
27:49 Husbandry
28:18 Hand Cart
30:13 Plate Barding Armor
30:13 Crop Rotation
31:06 Blast Furnace
32:46 Fletching
32:43 Elite Battle Elephant
34:40 Tusk Swords
35:02 Conscription
37:38 Bodkin Arrow
37:49 Light Cavalry
42:29 Bracer
46:59 Padded Archer Armor
8man
9:44 Feudal Age
10:19 Double-Bit Axe
10:15 Horse Collar
13:36 Loom
16:03 Castle Age
14:24 Loom
17:21 Bow Saw
18:42 Wheelbarrow
18:28 Town Watch
21:26 Fletching
22:22 Bodkin Arrow
24:56 Gold Mining
27:30 Hand Cart
27:42 Heavy Plow
32:19 Imperial Age
31:15 Ballistics
30:37 Treadmill Crane
30:58 Pikeman
31:46 Thumb Ring
33:22 Bracer
34:29 Padded Archer Armor
35:32 Chemistry
37:06 Leather Archer Armor
36:17 Elite Skirmisher
40:38 Ring Archer Armor
40:11 Imperial Skirmisher
mu hehe
10:42 Feudal Age
13:47 Castle Age
11:59 Double-Bit Axe
12:11 Horse Collar
15:14 Bow Saw
16:15 Heavy Plow
22:26 Wheelbarrow
21:46 Gold Mining
26:04 Imperial Age
24:30 Hand Cart
24:25 Stone Mining
24:44 Husbandry
24:54 Bloodlines
24:56 Scale Barding Armor
25:37 Loom
25:38 Town Watch
26:46 Chain Barding Armor
27:25 Elite Battle Elephant
28:53 Stone Shaft Mining
28:55 Gold Shaft Mining
29:22 Crop Rotation
30:15 Plate Barding Armor
30:10 Forging
31:29 Fletching
32:01 Ballistics
32:55 Iron Casting
32:16 Bodkin Arrow
33:28 Chemistry
35:04 Murder Holes
35:21 Tusk Swords
37:02 Blast Furnace
36:42 Fortified Wall
37:10 Hoardings
38:03 Bracer
37:52 Heavy Scorpion
39:38 Conscription
39:24 Double Crossbow
39:01 Light Cavalry
40:29 Padded Archer Armor
40:22 Elite Skirmisher
41:45 Leather Archer Armor
41:34 Imperial Skirmisher
43:07 Ring Archer Armor
42:51 Masonry
42:43 Hussar
|MP| layc0ni
9:32 Feudal Age
13:14 Castle Age
11:29 Double-Bit Axe
12:26 Horse Collar
21:44 Bow Saw
22:22 Heavy Plow
24:12 Wheelbarrow
23:23 Loom
24:36 Fervor
24:30 Town Watch
24:57 Gold Mining
24:58 Stone Mining
28:42 Imperial Age
26:27 Scale Barding Armor
26:51 Forging
27:37 Stone Shaft Mining
27:44 Chain Barding Armor
28:36 Iron Casting
29:07 Bloodlines
28:58 Husbandry
29:17 Elite Jarl
31:37 Blast Furnace
31:13 Pikeman
31:53 Squires
31:55 Scale Mail Armor
33:48 Plate Barding Armor
33:28 Chain Mail Armor
35:45 Halberdier
36:11 Arson
36:57 Plate Mail Armor
36:17 Fletching
37:21 Vendel Legacy
38:24 Conscription
37:43 Cavalier
41:38 Chemistry
42:22 Ballistics
font silver
11:25 Feudal Age
15:04 Castle Age
13:36 Double-Bit Axe
16:19 Bow Saw
28:16 Imperial Age
25:52 Fletching
26:42 Wheelbarrow
26:48 Ballistics
26:53 Bodkin Arrow
28:07 Stone Mining
28:08 Gold Mining
29:01 Bracer
30:06 Chemistry
29:26 Padded Archer Armor
30:03 Conscription
30:37 Gold Mining
31:50 Elite Genoese Crossbowman
34:13 Leather Archer Armor
34:11 Loom
35:05 Pirotechnia
35:38 Thumb Ring
36:34 Stone Shaft Mining
37:48 Elite Skirmisher
39:01 Ring Archer Armor
38:48 Hand Cart
39:39 Two-Man Saw
38:55 Imperial Skirmisher
43:03 Silk Road
46:00 Caravan
46:31 Coinage
46:50 Murder Holes
47:05 Fortified Wall
46:36 Treadmill Crane
46:47 Heated Shot
47:07 Masonry
Connection lost

Rejoining the realm…

Still unreachable

The connection could not be restored.

Session expired

The server has moved on; the page needs a fresh start.